[Event "*** SCC Grand Prix: Titled Tuesday Blitz"]
[Site "Chess.com"]
[Date "2020.10.06"]
[Round "2"]
[White "aa175"]
[Black "Reader777"]
[Result "0-1"]
[WhiteElo "2300"]
[BlackElo "2655"]
[TimeControl "180+1"]
[EndTime "10:17:35 PDT"]
[Termination "Reader777 won by checkmate"]

1. d4 Nf6 2. Bf4 e6 3. e3 c5 4.
Nf3 Nc6 5. Nbd2 d5 6. c3 Bd6 7.
Bg3 O-O 8. Bd3 b6 9. e4 Be7 10.
e5 Nh5 11. Ng5 Bxg5 12. Qxh5 g6 13. Qg4 h5 14. Qe2 cxd4 15. Nf3 h4 16. Nxg5 Qxg5 17. f4 Qe7 18. Bf2 dxc3 19. bxc3 Bb7 20. Qg4 d4 21. Bxh4 Qc5 22. Bxg6 Qxc3+ 23. Kf2 Qd2+ 24. Kg1 fxg6 25. Qxg6+ Kh8 26. Qh6+ Kg8 27. Qg6+ Kh8 28. Bf6+ Rxf6 29. Qxf6+ Kh7 30. Qf7+ Kh8 31. Qf6+ Kg8 32. Qxe6+ Kf8 33. Qf6+ Ke8 34. Qh8+ Kd7 35. Qg7+ Ne7 36. Qg4+ Kc7 37. h3 Rg8 38. Rh2 Rxg4 39. hxg4 Qe3+ 40. Kh1 d3 41. Rh7 Kd7 42. f5 Qxe5 43. f6 Qxa1+ 44. Kh2 Qxf6 45. a4 d2 46. a5 d1=Q 47. axb6 Qdd6+ 48. Kh3 Qd3+ 49. g3 Qxh7# 0-1

[Event "*** SCC Grand Prix: Titled Tuesday Blitz"]
[Site "Chess.com"]
[Date "2020.10.06"]
[Round "2"]
[White "stefy02"]
[Black "Balla_Tamas"]
[Result "0-1"]
[WhiteElo "2242"]
[BlackElo "2437"]
[TimeControl "180+1"]
[EndTime "10:17:35 PDT"]
[Termination "Balla_Tamas won by resignation"]

1. e4 c5 2. Nf3 e6 3. d4 cxd4 4. Nxd4 a6 5. Bd3 Bc5 6. Nb3 Ba7 7. O-O d6 8. c4 Nf6 9. Qe2 O-O 10. Nc3 e5 11. Bg5 Be6 12. Nd5 Nbd7 13. Kh1 h6 14. Bd2 Rc8 15. Rad1 Nc5 16. Bb1 Nxb3 17. axb3 b5 18.
Bd3 Bxd5 19. exd5 e4 20. Bxe4 Re8 21. f3 bxc4 22. bxc4 Qc7 23. Rc1 Qb7 24. Bc3 Nd7 25. Qc2 Rxc4 26. Bh7+ Kh8 27. Bxg7+ Kxg7 28. Qxc4 Kxh7 29.
Rfd1 Bc5 30. Qf4 Ne5 31. Qf5+ Kg7 32. Rc2 Qe7 33. g4 Qf6 34. Qxf6+ Kxf6 35. Kg2 Ng6 36.
Kg3 Re3 37. h4 Ne5 38. Rf1 Bd4 39. b4 Nd3 40. Rb1 Be5+ 41. Kg2 Nf4+ 42. Kf2 Rd3 43. Ra2 Bd4+ 44. Kg3 Nxd5 45. Rxa6 Be5+ 46. Kf2 Rd2+ 47. Ke1 Rh2 48. Kd1 Nc3+ 49. Kc1 Rh1+ 0-1

[Event "*** SCC Grand Prix: Titled Tuesday Blitz"]
[Site "Chess.com"]
[Date "2020.10.06"]
[Round "2"]
[White "jamalm2"]
[Black "GMaka"]
[Result "0-1"]
[WhiteElo "1731"]
[BlackElo "2367"]
[TimeControl "180+1"]
[EndTime "10:17:35 PDT"]
[Termination "GMaka won on time"]

1. Nf3 Nf6 2. c4 e6 3. e3 d5 4. b3 Be7 5. Bb2 c5 6. Be2 Nc6 7. d4 O-O 8. O-O dxc4 9. bxc4 b6 10. Nbd2 Bb7 11. Nb3 cxd4 12. exd4 Rc8 13. Rc1 a5 14. a4 Nb4 15. Ne5 Nd7 16. f4 Bf6 17. Bf3 Bxf3 18. Qxf3 Qc7 19. Ng4 Rfd8 20. Nxf6+ Nxf6 21. d5 Ne8 22. dxe6 Rd3 23. Qg4 Rxb3 24. exf7+ Kxf7 25. Be5 Qc5+ 26. Kh1 Rd3 27. Qf5+ Kg8 28. Qe6+ Kh8 29. Qf7 Rcd8 30.
Rce1 R3d7 31. Qh5 Nd3 32. Bxg7+ Nxg7 33. Qh4 Qf5 34. Re3 Nc5 35. Rfe1 Rd1 36. h3 Rxe1+ 0-1

[Event "*** SCC Grand Prix: Titled Tuesday Blitz"]
[Site "Chess.com"]
[Date "2020.10.06"]
[Round "2"]
[White "Philosopherrr"]
[Black "Vuk2000"]
[Result "0-1"]
[WhiteElo "2472"]
[BlackElo "2702"]
[TimeControl "180+1"]
[EndTime "10:17:36 PDT"]
[Termination "Vuk2000 won by resignation"]

1. e4 e6 2. d4 d5 3. Nc3 Bb4 4. e5 c5 5. Bd2 Ne7 6. a3 Bxc3 7.
Bxc3 Nbc6 8. Qg4 cxd4 9. Bxd4 h5 10. Qd1 Nxd4 11. Qxd4 Nc6 12. Qc5 Nxe5 13. O-O-O Bd7 14. Qd4 Qf6 15. h3 Nc6 16. Qd2 Rc8 17. f4 Ne7 18. Nf3 Ng6 19. g3 h4 20. Bd3 hxg3 21. Bxg6 Qxg6 22. Ne5 Qf5 23. Rhe1 Ba4 24. c3 Bxd1 25.
Rxd1 O-O 26. Qe3 Qxh3 27. Rg1 d4 28. Qxg3 Qxg3 29. Rxg3 dxc3 30. bxc3 Rc7 31. Kb2 Rd8 32. Kc2 f6 33. Ng4 Kf7 34. Ne3 Rdc8 35. Nd1 Rc4 36. Rf3 b5 37. Nb2 Re4 38. Nd3 Ra4 39. Kb3 a5 40. Nb2 Re4 41. f5 a4+ 42. Kc2 Re2+ 43. Kb1 exf5 44. Rxf5 Rxc3 45. Rxb5 Rb3 46. Rxb3 axb3 47.
Nc4 g5 48. a4 g4 49. a5 g3 50. a6 g2 51. Nd6+ Ke6 0-1

[Event "*** SCC Grand Prix: Titled Tuesday Blitz"]
[Site "Chess.com"]
[Date "2020.10.06"]
[Round "2"]
[White "nitpicker"]
[Black "dopolian"]
[Result "0-1"]
[WhiteElo "2249"]
[BlackElo "2446"]
[TimeControl "180+1"]
[EndTime "10:17:36 PDT"]
[Termination "dopolian won on time"]

1. d4 Nf6 2. c4 e6 3. g3 Bb4+ 4. Bd2 Be7 5. Bg2 O-O 6. Nf3 d5 7. Qc2 c6 8. O-O Nbd7 9. Rd1 b6 10. Bf4 Ba6 11. Nbd2 Rc8 12. Rac1 Bb7 13. e4 c5 14. exd5 exd5 15. Qf5 dxc4 16. Nxc4 Be4 17. Qh3 Nd5 18.
Bd6 N7f6 19. dxc5 bxc5 20. Be5 Re8 21. Ne3 Qb6 22. Nxd5 Nxd5 23. Qg4 Qg6 24. Qxg6 hxg6 25. Re1 f5 26. Nd2 Bxg2 27. Kxg2 Bg5 28. f4 Bf6 29. Nc4 Bxe5 30. Rxe5 Rxe5 31. Nxe5 c4 32. Nxg6 Kf7 33. Ne5+ Ke6 34. Rxc4 Ne3+ 35. Kf3 Nxc4 0-1

[Event "*** SCC Grand Prix: Titled Tuesday Blitz"]
[Site "Chess.com"]
[Date "2020.10.06"]
[Round "2"]
[White "besarquis"]
[Black "markberk"]
[Result "1/2-1/2"]
[WhiteElo "2165"]
[BlackElo "2394"]
[TimeControl "180+1"]
[EndTime "10:17:36 PDT"]
[Termination "Game drawn by repetition"]

1. e4 e5 2. Nf3 Nc6 3. Bc4 Nf6 4. d3 h6 5. c3 Be7 6. Nbd2 d6 7. Bb3 O-O 8. h3 Be6 9. Bc2 d5 10. Qe2 Re8 11.
O-O d4 12. Re1 a5 13. a4 Bc5 14. Nf1 Qd6 15. Ng3 Rad8 16. Nh4 Ne7 17. Qf3 Bc8 18. Nhf5 Nxf5 19. Nxf5 Bxf5 20. Qxf5 Qe6 21. Qf3 Rd6 22.
Bd2 Nh7 23. h4 Qe7 24. g3 dxc3 25. bxc3 Rf6 26. Qg2 Rxf2 27. Qxf2 Bxf2+ 28. Kxf2 Nf6 29. Rab1 Ng4+ 30. Kg2 b6 31. Rb5 Qd6 32. Rf1 Nf6 33. Bc1 Re7 34. Rf3 Qc6 35. Bd2 Nd7 36. Rf5 Nf6 37. Rf3 Rd7 38. Be1 Qd6 39. Rb3 Qc6 40. Rb5 Qd6 41. Rb3 Qc6 42. Rb5 1/2-1/2

[Event "*** SCC Grand Prix: Titled Tuesday Blitz"]
[Site "Chess.com"]
[Date "2020.10.06"]
[Round "2"]
[White "Alexandercs432"]
[Black "flexova"]
[Result "1-0"]
[WhiteElo "2147"]
[BlackElo "2346"]
[TimeControl "180+1"]
[EndTime "10:17:36 PDT"]
[Termination "Alexandercs432 won by resignation"]

1. e4 e6 2. d4 d5 3. Nd2 c5 4.
exd5 exd5 5. Ngf3 Nc6 6. Bb5 Qe7+ 7. Qe2 Qxe2+ 8. Kxe2 Nf6 9. dxc5 Bxc5 10. Nb3 Bb6 11. c3 O-O 12. Re1 Bg4 13. Be3 Bxe3 14. Kxe3 Rfe8+ 15. Kd2 Bxf3 16. gxf3 a6 17. Bxc6 bxc6 18. Rxe8+ Nxe8 19. Re1 Nd6 20. Na5 c5 21. Re7 d4 22. Rd7 dxc3+ 23. Kxc3 Nf5 24. Rd5 Nd4 25. Rxc5 Nxf3 26. Rc7 Kf8 27. b4 Nxh2 28. a4 h5 29. Nc6 Ng4 30.
b5 axb5 31. axb5 h4 32. b6 h3 33. b7 Re8 34. Rc8 Nf6 35. Rxe8+ Nxe8 36. b8=Q h2 37. Qxh2 1-0

[Event "*** SCC Grand Prix: Titled Tuesday Blitz"]
[Site "Chess.com"]
[Date "2020.10.06"]
[Round "2"]
[White "fabianvivasz"]
[Black "denispopov"]
[Result "0-1"]
[WhiteElo "2361"]
[BlackElo "1975"]
[TimeControl "180+1"]
[EndTime "10:17:36 PDT"]
[Termination "denispopov won by resignation"]

1. e4 c5 2. Nf3 Nc6 3. d4 cxd4 4. Nxd4 e5 5. Nb5 a6 6. Nd6+ Bxd6 7. Qxd6 Qf6 8. Qxf6 Nxf6 9. Nc3 Nb4 10. Kd2 d6 11. a3 Nc6 12. Bc4 Be6 13. Nd5 Nxe4+ 14. Ke3 Bxd5 15. Bxd5 Nf6 16. Rd1 Nxd5+ 17. Rxd5 Kd7 18.
c3 Ke6 19. Rd1 d5 20. f4 f5 21. fxe5 Nxe5 22. Kd4 Rac8 23. b3 Nc6+ 24. Kd3 Rhe8 25.
Bf4 Kf6 26. h4 Re4 27. g3 Ne5+ 28. Kc2 d4 29. Bxe5+ Kxe5 30. Rd3 Rxc3+ 31. Rxc3 dxc3 32. Rd1 Re2+ 33. Kxc3 Re3+ 34. Kc4 Rxg3 35. Rd5+ Ke6 36. Rc5 Rg4+ 37. Kc3 h5 38. Rc7 f4 39. Rxb7 f3 40. Kd3 Rf4 41. Ke3 f2 42. Rb6+ Kf5 0-1

[Event "*** SCC Grand Prix: Titled Tuesday Blitz"]
[Site "Chess.com"]
[Date "2020.10.06"]
[Round "2"]
[White "Sibelephant"]
[Black "Matveev_Vladimir"]
[Result "1-0"]
[WhiteElo "3103"]
[BlackElo "2613"]
[TimeControl "180+1"]
[EndTime "10:17:37 PDT"]
[Termination "Sibelephant won by resignation"]

1. d4 Nf6 2. Nf3 g6 3. Bg5 Bg7 4. Nbd2 d6 5. e3 h6 6. Bh4 g5 7. Bg3 Nh5 8. Bd3 e6 9. c3 O-O 10. Qe2 f5 11. O-O-O a6 12. h3 Nxg3 13. fxg3 b5 14. e4 c5 15. exf5 exf5 16. dxc5 dxc5 17. Rhe1 Nc6 18. g4 b4 19. Bxf5 bxc3 20. bxc3 Qa5 21. Ne4 Rb8 22. Qc4+ Kh8 23. Rd2 Qa3+ 24. Kd1 Rb1+ 25.
Ke2 Rxe1+ 26. Kxe1 Qc1+ 27. Ke2 Qh1 28. Kf2 Bxf5 29.
gxf5 Ne5 30. Nxe5 Bxe5 31. Qe6 Bf4 32. Qxh6+ Kg8 33. Nf6+ 1-0

[Event "*** SCC Grand Prix: Titled Tuesday Blitz"]
[Site "Chess.com"]
[Date "2020.10.06"]
[Round "2"]
[White "arminmusovic"]
[Black "chesslh19"]
[Result "1-0"]
[WhiteElo "2527"]
[BlackElo "2217"]
[TimeControl "180+1"]
[EndTime "10:17:37 PDT"]
[Termination "arminmusovic won by resignation"]

1. a3 d5 2. Nc3 Nf6 3. d3 d4 4. Ne4 Nxe4 5. dxe4 e5 6. Nf3 Nc6 7. e3 Bg4 8. h3 Bxf3 9. Qxf3 Be7 10. Bc4 O-O 11. O-O Qd6 12. Rd1 Qf6 13. Qxf6 Bxf6 14. Bd5 Rad8 15. Kf1 Rfe8 16. Ke2 Rb8 17. b4 dxe3 18.
fxe3 Nd8 19. Bb2 c6 20. Bb3 Ne6 21. c4 Rbd8 22. c5 Kf8 23. Rac1 Rxd1 24. Rxd1 Rd8 25.
Rc1 a6 26. Bc4 Ke7 27. Bb3 Rd7 28. a4 Nc7 29. Rf1 Ne6 30. Rc1 Ng5 31. Bc2 Ne6 32.
Bd3 Nc7 33. Ba1 Ke8 34. Rf1 Ke7 35. Rf5 g6 36. Rf1 Bg7 37. Bc4 f6 38. Bc3 Ne6 39. h4 Bh6 40. g3 Bf8 41. Rb1 Nc7 42. Bb2 Ke8 43. Ba3 Be7 44. b5 axb5 45. axb5 cxb5 46. Bxb5 Nxb5 47. Rxb5 Rc7 48. Kf3 Kd7 49. Rb6 Kc8 50.
Re6 Kd7 51. Rb6 Kc8 52. Rb5 Rc6 53. g4 Kc7 54. Bb4 Kc8 55. h5 Kc7 56. Ke2 Kc8 57.
Kd3 Kc7 58. Kc4 Kc8 59. Kd5 Kc7 60. Rb6 Kc8 61. Rxc6+ bxc6+ 62. Kxc6 f5 63. hxg6 hxg6 64. exf5 gxf5 65. gxf5 e4 66. Kd5 Kd7 67. c6+ 1-0

[Event "*** SCC Grand Prix: Titled Tuesday Blitz"]
[Site "Chess.com"]
[Date "2020.10.06"]
[Round "2"]
[White "AliKa2810"]
[Black "fireheart92"]
[Result "0-1"]
[WhiteElo "2564"]
[BlackElo "2865"]
[TimeControl "180+1"]
[EndTime "10:17:39 PDT"]
[Termination "fireheart92 won on time"]

1. d4 Nf6 2. c4 g6 3. Nc3 d5 4. Bg5 Bg7 5. Bxf6 Bxf6 6. cxd5 c5 7. dxc5 Nd7 8. c6 Nc5 9. Rc1 Qa5 10. Qd2 bxc6 11. Ne4 Qxd2+ 12. Nxd2 Na4 13. e4 O-O 14. Rxc6 Bxb2 15. Ngf3 e6 16. Bc4 Nb6 17. dxe6 Nxc4 18. exf7+ Rxf7 19. Nxc4 Bb7 20. Rc5 Bc3+ 21. Ncd2 Bb4 22.
Rc4 a5 23. O-O Ba6 24. Rfc1 Bxc4 25. Rxc4 Rd8 26. Nf1 Rd1 27. Ne5 Rf8 28. g3 Ra1 29.
Rc2 Re8 30. f4 Re1 31. Rc4 Re2 32. a4 Ra2 0-1

[Event "*** SCC Grand Prix: Titled Tuesday Blitz"]
[Site "Chess.com"]
[Date "2020.10.06"]
[Round "2"]
[White "serena-maria"]
[Black "GianmarcoVaR"]
[Result "0-1"]
[WhiteElo "2285"]
[BlackElo "2473"]
[TimeControl "180+1"]
[EndTime "10:17:39 PDT"]
[Termination "GianmarcoVaR won by resignation"]

1. Nf3 Nf6 2. c4 b6 3. g3 Bb7 4. Bg2 c5 5. O-O g6 6. Nc3 Bg7 7. Re1 Ne4 8. Nxe4 Bxe4 9. d3 Bb7 10.
d4 cxd4 11. Nxd4 Bxg2 12. Kxg2 O-O 13. b3 d5 14. Bb2 dxc4 15. bxc4 Qc7 16. Qc2 Nd7 17.
Rac1 Rac8 18. f3 h5 19. Nb5 Qb7 20. Bxg7 Kxg7 21. Qb2+ Kg8 22. e4 Nc5 23. Red1 h4 24. gxh4 Ne6 25. Qe5 Rc5 26. Rd5 Qb8 27. Qxb8 Rxb8 28.
Rd7 a6 29. Na3 Nf4+ 30. Kg3 Ne2+ 31. Kf2 Nxc1 32. Rxe7 Nxa2 33. Ra7 b5 34. cxb5 axb5 35. Nxb5 Rcxb5 36. Rxa2 Rb2+ 37. Rxb2 Rxb2+ 38. Kg3 Kg7 39. Kg4 Kh6 40. h3 Rb4 41. Kg3 Kh5 42. e5 Rc4 43. f4 Rb4 44. e6 fxe6 0-1

[Event "*** SCC Grand Prix: Titled Tuesday Blitz"]
[Site "Chess.com"]
[Date "2020.10.06"]
[Round "2"]
[White "FMalexhdez"]
[Black "sorito"]
[Result "0-1"]
[WhiteElo "2256"]
[BlackElo "2459"]
[TimeControl "180+1"]
[EndTime "10:17:40 PDT"]
[Termination "sorito won by resignation"]

1. e4 c5 2. Nf3 a6 3. d4 cxd4 4. Nxd4 e6 5. c4 b6 6. Nc3 Bb7 7. Be2 d6 8. O-O Nd7 9. b3 Ngf6 10. f3 Rc8 11. Bb2 Qc7 12. Rc1 Qb8 13. Nc2 Be7 14. Ne3 O-O 15. Kh1 Bd8 16. Qd2 Bc7 17. g4 Rfd8 18.
g5 Ne8 19. f4 d5 20. cxd5 Bxf4 21. Rf2 exd5 22. Rcf1 Bxe3 23. Qxe3 Ne5 24. Nxd5 Rxd5 25. exd5 Bxd5+ 26. Kg1 Ng6 27. Bf3 Be6 28. Be4 Rc5 29.
Bxg6 hxg6 30. Bd4 Rd5 31. Bxb6 Qd6 32. Ba7 Rd3 33. Qf4 Qd7 34. Be3 Rd5 35. Qg3 Nd6 36. h3 Nf5 37. Qb8+ Kh7 38. Rf4 Rd3 39. Qa7 Rxe3 40. Qxd7 Bxd7 41. Ra4 Bxa4 0-1

[Event "*** SCC Grand Prix: Titled Tuesday Blitz"]
[Site "Chess.com"]
[Date "2020.10.06"]
[Round "2"]
[White "gixfantastix"]
[Black "Viaje"]
[Result "0-1"]
[WhiteElo "2075"]
[BlackElo "2388"]
[TimeControl "180+1"]
[EndTime "10:17:40 PDT"]
[Termination "Viaje won on time"]

1. e4 c5 2. Nc3 a6 3. g4 b5 4.
Bg2 Bb7 5. d3 e6 6. Be3 b4 7.
Nce2 d5 8. exd5 Nf6 9. g5 Nxd5 10. Qd2 Nc6 11. O-O-O Be7 12. h4 b3 13. axb3 Ncb4 14. Kb1 Qa5 15. Nc1 O-O 16. Nge2 Nxe3 17. Bxb7 Nexc2 18. Qxc2 Nxc2 19. Kxc2 Rab8 20. Be4 f5 21.
gxf6 Bxf6 22. f3 Qa1 23. Nc3 Qa5 24. h5 Rfc8 25. Rhg1 Rd8 26. Rg4 c4 27. dxc4 Rxd1 28. Nxd1 Qxh5 29. Nd3 Qh2+ 30. Kc1 Rd8 31. N1f2 Bd4 32.
Nd1 Qe2 33. Rh4 Be3+ 34. Nxe3 Qxe3+ 35. Kc2 Qe2+ 36. Kc3 Rxd3+ 37. Bxd3 Qe1+ 38. Kc2 Qxh4 39. b4 Qd4 40. Be2 h5 0-1

[Event "*** SCC Grand Prix: Titled Tuesday Blitz"]
[Site "Chess.com"]
[Date "2020.10.06"]
[Round "2"]
[White "CM_rui"]
[Black "canary2016"]
[Result "1-0"]
[WhiteElo "2371"]
[BlackElo "1912"]
[TimeControl "180+1"]
[EndTime "10:17:40 PDT"]
[Termination "CM_rui won by checkmate"]

1. e4 c5 2. Nf3 d6 3. c4 Nf6 4. Nc3 Nc6 5. d4 cxd4 6. Nxd4 e5 7.
Nc2 Be6 8. Be2 Be7 9. Be3 O-O 10. O-O Rc8 11. Rc1 Nd7 12. b3 f5 13. f3 Bf6 14.
Qxd6 Qe7 15. Rfd1 Rfd8 16. Qxe7 Bxe7 17. exf5 Bxf5 18. Nd5 Bf6 19. g4 Bg6 20. c5 Ndb8 21.
Bc4 Kh8 22. Nxf6 gxf6 23. Ne1 Na5 24. Be6 Rxd1 25. Rxd1 Re8 26. Rd6 Nac6 27. Bh6 Nb4 28. Bc4 Nxa2 29. Rxf6 Nd7 30. Rd6 Nxc5 31. h4 b6 32. h5 Bb1 33. Bg5 h6 34. Rxh6+ Bh7 35. Bf6# 1-0

[Event "*** SCC Grand Prix: Titled Tuesday Blitz"]
[Site "Chess.com"]
[Date "2020.10.06"]
[Round "2"]
[White "Gabix_94"]
[Black "blitzking1729"]
[Result "1-0"]
[WhiteElo "2806"]
[BlackElo "2543"]
[TimeControl "180+1"]
[EndTime "10:17:41 PDT"]
[Termination "Gabix_94 won by resignation"]

1. c4 e5 2. Nc3 d6 3. g3 f5 4. Bg2 Nf6 5. d3 Be7 6. Nh3 O-O 7. f4 Nc6 8. O-O e4 9. Nf2 Be6 10. dxe4 fxe4 11. Nfxe4 Bxc4 12. Ng5 Kh8 13. b3 Bg8 14.
Bb2 d5 15. e4 d4 16. Nd5 Nxd5 17. exd5 Bxd5 18. Nxh7 Bxg2 19. Nxf8 Bxf1 20. Ng6+ Kg8 21. Qxf1 Bf6 22. Qh3 Qe8 23. Qh5 Qe3+ 24. Kf1 Qd3+ 25. Kg2 Qc2+ 26. Kh3 Re8 27. Qd5+ Kh7 28. Qh5+ Kg8 29.
Rf1 Qe2 30. Rf3 Qe6+ 31. f5 Qe4 32. Qh8+ Kf7 33. Qh5 Kg8 34. Ba3 Ne5 35. Qh8+ Kf7 36. Qh5 Nxg6 37. fxg6+ Qxg6 38. Qd5+ Re6 39. Qd7+ Re7 40.
Qxe7+ Kg8 41. Qe6+ Kh7 42. Qf5 1-0

[Event "*** SCC Grand Prix: Titled Tuesday Blitz"]
[Site "Chess.com"]
[Date "2020.10.06"]
[Round "2"]
[White "c_r_e_e_p_e_r"]
[Black "ram1zan"]
[Result "0-1"]
[WhiteElo "2362"]
[BlackElo "2875"]
[TimeControl "180+1"]
[EndTime "10:17:41 PDT"]
[Termination "ram1zan won on time"]

1. e4 c5 2. Nf3 Nc6 3. d4 cxd4 4. Nxd4 g6 5. c4 Bg7 6. Be3 Nf6 7. Nc3 O-O 8. Be2 d6 9. O-O Nxd4 10. Bxd4 Be6 11. Qd3 Qa5 12. a3 Rfc8 13. Nd5 Bxd5 14. exd5 Nd7 15. b4 Qd8 16. Bxg7 Kxg7 17. Qd4+ Kg8 18. Rac1 a5 19. c5 axb4 20. axb4 Ra4 21. c6 bxc6 22. dxc6 Ne5 23. Bb5 Raa8 24. f4 Ng4 25. Be2 Nf6 26. b5 Rab8 27. Kh1 Qb6 28. Rfd1 Qxd4 29. Rxd4 Nd7 30. Rcd1 Nc5 31. Re1 Rc7 32.
Bc4 Kf8 33. h3 h5 34. f5 gxf5 35. Kh2 Ne4 36. Rf1 e6 37. Bd3 d5 38. Bxe4 fxe4 39.
Rb4 Rxc6 40. bxc6 Rxb4 41. Rc1 Rb8 42. Kg3 Rc8 43. Kf4 f6 44. g4 hxg4 45. hxg4 Ke7 46. g5 fxg5+ 47. Ke5 e3 48. Rh1 Rxc6 49. Rh7+ Kd8 50.
Rg7 e2 51. Rg8+ Kc7 52. Rg7+ Kb6 53. Kf6 e1=Q 54. Kg6 Qe4+ 55. Kf7 Qf5+ 0-1

[Event "*** SCC Grand Prix: Titled Tuesday Blitz"]
[Site "Chess.com"]
[Date "2020.10.06"]
[Round "2"]
[White "gmpeter008"]
[Black "AlexeiShirov"]
[Result "0-1"]
[WhiteElo "2362"]
[BlackElo "2836"]
[TimeControl "180+1"]
[EndTime "10:17:42 PDT"]
[Termination "AlexeiShirov won on time"]

1. d4 d5 2. Nf3 Nf6 3. Bf4 c5 4. e3 Nc6 5. Nbd2 Qb6 6. dxc5 Qxb2 7. c4 e6 8. Qc1 Qxc1+ 9. Rxc1 Bd7 10. Nb3 Rc8 11. Bg5 Ne4 12. cxd5 exd5 13. Bh4 Nb4 14. a3 Nxc5 15. axb4 Nxb3 16. Rxc8+ Bxc8 17. Bb5+ Bd7 18. Bxd7+ Kxd7 19. Ke2 a5 20. bxa5 Nxa5 21. Ra1 b6 22. Ne5+ Ke6 23. Nf3 Bc5 24. Ng5+ Kd7 25. Nxf7 Re8 26.
Ng5 d4 27. Rd1 Kc6 28. Rd3 Nc4 29. Nf3 dxe3 30. fxe3 Nxe3 31. Kd2 Nxg2 32. Bg3 Re4 33. Ne5+ Kb5 34. Rd7 Rd4+ 35. Rxd4 Bxd4 36. Nf3 Kc4 37.
Ke2 Bc5 38. Ng5 Ne3 39. Nxh7 Nf5 40. Bf4 b5 41. Ng5 Nd4+ 42. Kd1 b4 43. Be5 b3 44.
Bxd4 Bxd4 45. Ne6 Be3 0-1

[Event "*** SCC Grand Prix: Titled Tuesday Blitz"]
[Site "Chess.com"]
[Date "2020.10.06"]
[Round "2"]
[White "djano"]
[Black "Sueetin"]
[Result "1/2-1/2"]
[WhiteElo "2465"]
[BlackElo "2292"]
[TimeControl "180+1"]
[EndTime "10:17:43 PDT"]
[Termination "Game drawn by agreement"]

1. d4 Nf6 2. Bf4 d5 3. Nf3 c5 4. e3 Nc6 5. Nbd2 cxd4 6. exd4 Qb6 7. Nb3 Bf5 8. Be2 e5 9. dxe5 Ne4 10. O-O Rd8 11. a4 a5 12. Nfd4 Bg6 13. e6 Nxd4 14. exf7+ Kxf7 15. Qxd4 Qxd4 16. Nxd4 Bc5 17. Be3 Nd6 18.
c3 Nc4 19. Bg5 Rde8 20. Bf3 Be4 21. b3 Bxd4 22. cxd4 Bxf3 23. bxc4 Be2 24. Rfb1 Bxc4 25. Rxb7+ Kg6 26. Bf4 Rhf8 27. Be5 Rf7 28. Rxf7 Kxf7 29. Ra3 Re6 30. Rf3+ Kg8 31. Rg3 Rg6 32. Rxg6 hxg6 33. Bc7 Bb3 34. Bxa5 Bxa4 35. f3 Bb3 36. Kf2 Kf7 37. Ke3 Bc4 38. h4 Bb3 39. g4 Bc4 40. Kf4 Bd3 41. Bc7 Bc4 42. Ke5 Bb3 43. Kf4 Bc4 44.
Kg5 Be2 45. f4 Bd1 46. Be5 Be2 47. f5 gxf5 48. gxf5 Bd1 49. f6 gxf6+ 50. Bxf6 Kg8 51. Be5 Kh7 52. h5 Bb3 53. h6 Ba2 1/2-1/2

[Event "*** SCC Grand Prix: Titled Tuesday Blitz"]
[Site "Chess.com"]
[Date "2020.10.06"]
[Round "2"]
[White "Hikaru"]
[Black "Aygehovit1992"]
[Result "0-1"]
[WhiteElo "3213"]
[BlackElo "2635"]
[TimeControl "180+1"]
[EndTime "10:17:44 PDT"]
[Termination "Aygehovit1992 won by resignation"]

1. Nf3 g6 2. e4 Bg7 3. d4 d6 4. Bc4 Nf6 5. Qe2 O-O 6. e5 dxe5 7. dxe5 Nd5 8. O-O Bg4 9. Rd1 c6 10. h3 Bxf3 11. Qxf3 e6 12. Qe4 Nd7 13. f4 b5 14. Bf1 Qb6+ 15. Kh1 Nc5 16. Qe1 Rad8 17. c3 f6 18. exf6 Bxf6 19. g3 Rde8 20. Bg2 e5 21. f5 gxf5 22. a4 e4 23. axb5 Nd3 24. Qe2 Nf2+ 25. Kh2 Nxd1 26. Qxd1 Be5 27. Na3 Qf2 28. Kh1 Qxg3 29. Qg1 Kh8 30. Nc4 Bf6 31. bxc6 f4 32. Bd2 f3 33. Bf1 Qxg1+ 34. Kxg1 e3 35. Bxe3 Nxe3 36. Nd6 f2+ 37. Kh1 Re7 38. Bd3 Rg7 39.
Nc4 Nxc4 40. Bxc4 Be5 41. Rf1 Bc7 42. Be6 Rf3 43. Bg4 Rf8 44. b4 Bb6 45. c4 Bd4 46. c5 h5 47. Bd7 Rg1+ 0-1

[Event "*** SCC Grand Prix: Titled Tuesday Blitz"]
[Site "Chess.com"]
[Date "2020.10.06"]
[Round "2"]
[White "penguingm1"]
[Black "elohunter1999"]
[Result "0-1"]
[WhiteElo "2855"]
[BlackElo "2585"]
[TimeControl "180+1"]
[EndTime "10:17:44 PDT"]
[Termination "elohunter1999 won on time"]

1. d4 Nf6 2. c4 c5 3. d5 b5 4.
cxb5 a6 5. e3 g6 6. Nc3 Bg7 7.
Nf3 O-O 8. a4 Bb7 9. e4 d6 10.
Ra3 axb5 11. Bxb5 Na6 12. O-O Nc7 13. Be2 Ba6 14. h3 Nd7 15. Bg5 Re8 16. Nd2 Qb8 17. Qc2 Bxe2 18. Nxe2 Qxb2 19. Qxb2 Bxb2 20. Ra2 Bg7 21.
Rb1 h6 22. Bh4 g5 23. Bg3 Reb8 24. Rxb8+ Rxb8 25. f4 gxf4 26. Bxf4 Na6 27. a5 Rb4 28. Kf2 Ne5 29. Nc1 c4 30. Ke3 c3 31. Nf3 Nc4+ 32.
Kf2 Nb2 33. Be3 Rxe4 34. Bb6 Nb4 35. Ra1 Nxd5 36. Ne2 Nxb6 37. axb6 Rb4 38. Ra8+ Kh7 39. Rc8 Rxb6 40. Nxc3 Bxc3 41. Rxc3 Nd1+ 0-1

[Event "*** SCC Grand Prix: Titled Tuesday Blitz"]
[Site "Chess.com"]
[Date "2020.10.06"]
[Round "2"]
[White "Brave_spirit12"]
[Black "ChessSkool"]
[Result "1-0"]
[WhiteElo "2489"]
[BlackElo "2682"]
[TimeControl "180+1"]
[EndTime "10:17:44 PDT"]
[Termination "Brave_spirit12 won on time"]

1. e4 e5 2. Nf3 Nc6 3. Bc4 Bc5 4. O-O Nf6 5. d4 Bxd4 6. Nxd4 Nxd4 7. f4 d6 8. fxe5 dxe5 9. Bg5 Qe7 10. Na3 Rg8 11. c3 Ne6 12. Bxf6 gxf6 13. Qf3 Rg6 14. Kh1 Bd7 15. Qe3 a6 16. Rad1 Rd8 17. Nc2 Bc6 18. Nb4 Qc5 19. Qxc5 Nxc5 20. Bxf7+ Kxf7 21. Rxd8 Bxe4 22. Rf2 a5 23. Nd5 Nd3 24. Rd2 c6 25.
Ne3 Nf4 26. R8d7+ Kg8 27. Rxb7 Nd3 28. Rd7 Nf4 29. Kg1 h5 30. Ra7 Nd3 31. Kf1 f5 32.
Nc4 f4 33. Nxe5 1-0

[Event "*** SCC Grand Prix: Titled Tuesday Blitz"]
[Site "Chess.com"]
[Date "2020.10.06"]
[Round "2"]
[White "Rakesh"]
[Black "barriochess"]
[Result "1-0"]
[WhiteElo "2492"]
[BlackElo "2306"]
[TimeControl "180+1"]
[EndTime "10:17:44 PDT"]
[Termination "Rakesh won by resignation"]

1. e4 d6 2. d4 Nf6 3. Nc3 g6 4.
Be3 c6 5. f3 Nbd7 6. a4 e5 7.
Qd2 Qc7 8. g4 b6 9. h4 Bb7 10.
h5 Rg8 11. hxg6 hxg6 12. Nge2 a6 13. O-O-O b5 14. Ng3 Nb6 15. g5 Nfd7 16. dxe5 dxe5 17.
f4 O-O-O 18. Rh7 b4 19. Nb1 Rg7 20. Rxg7 Bxg7 21. f5 Bf8 22. a5 Na4 23. fxg6 fxg6 24. Bh3 Bc5 25. b3 Bxe3 26. Qxe3 Nc3 27. Nxc3 bxc3 28. Qxc3 Kb8 29. Qd2 Bc8 30. Kb1 Kb7 31. Nf1 Rf8 32. Bxd7 Bxd7 33. Qxd7 Qxd7 34. Rxd7+ Kc8 35.
Rd1 Rf4 36. Ne3 Rxe4 37. Nc4 Re2 38. Rd6 Kc7 39. Rxg6 e4 40. Re6 Rg2 41. g6 Kd7 42. Rd6+ Kc7 43. Re6 Kd7 44. Rxe4 Rxg6 45. Ne5+ 1-0

[Event "*** SCC Grand Prix: Titled Tuesday Blitz"]
[Site "Chess.com"]
[Date "2020.10.06"]
[Round "2"]
[White "BikingBrian"]
[Black "MashaFromRussia"]
[Result "1/2-1/2"]
[WhiteElo "2205"]
[BlackElo "2404"]
[TimeControl "180+1"]
[EndTime "10:17:44 PDT"]
[Termination "Game drawn by repetition"]

1. d4 Nf6 2. Bg5 c5 3. Nc3 cxd4 4. Qxd4 Nc6 5. Qh4 e6 6. e4 Be7 7. O-O-O Qa5 8. f4 d6 9. Qe1 Bd7 10. Nf3 O-O 11. e5 Ne8 12. Bxe7 Nxe7 13. exd6 Nf5 14. Ne5 Rd8 15. Nc4 Qc5 16. Ne4 Qc8 17. g4 Nh6 18.
Bd3 b5 19. Ne5 Qb8 20. Ng5 g6 21. Qh4 Kg7 22. Nxh7 Rh8 23. g5 Nf5 24. Bxf5 Rxh7 25. Qe1 exf5 26. Nf3 Kg8 27. Qe5 Bc6 28. Rhf1 Bxf3 29.
Rxf3 Nxd6 30. Rfd3 Rxh2 31. Rxd6 Rxd6 32. Rxd6 Rh1+ 33.
Kd2 Rh2+ 34. Kc1 Rh1+ 35. Kd2 b4 36. Qd4 Rh2+ 37. Kc1 Rh1+ 38. Kd2 Rh2+ 39. Kc1 Rh1+ 40. Kd2 1/2-1/2